 Dungeon Crawl Stone Soup version 0.21-a0-258-g4c0eb85 (webtiles) character file.

605869 namelastname112 the Executioner (level 27, -10/177 HPs)
             Began as a Formicid Abyssal Knight on Sept 5, 2017.
             Was the Champion of Lugonu.
             Killed from afar by an electric golem (41 damage)
             ... with a bolt of lightning
             ... on level 3 of the Realm of Zot on Sept 6, 2017.
             The game lasted 02:03:00 (68660 turns).

namelastname112 the Executioner (FoAK)             Turns: 68660, Time: 02:03:01

Health: -10/177    AC: 48    Str: 28    XL:     27
Magic:  37/37      EV: 17    Int: 16    God:    Lugonu [******]
Gold:   6119       SH: 36    Dex: 19    Spells: 26/26 levels left

rFire    + + .     SeeInvis +   u - +8 frozen axe "Frostbite" {freezing cloud, *Noise +Fly rC+}
rCold    + + +     Gourm    .   A - +5 large shield {reflect}
rNeg     + . .     Faith    .   Q - +8 orange crystal plate armour {Archmagi, Int+3 Clar}
rPois    .         Spirit   .   (helmet unavailable)
rElec    .         Reflect  +   g - +2 cloak {MR+}
rCorr    .         Harm     .   j - +3 pair of gauntlets of War {Slay+5}
MR       ++++.     Clarity  +   J - +2 pair of boots {run}
Stlth    ..........             R - +6 amulet of reflection
HPRegen  0.39/turn              P - ring "Xenije" {*Tele rC+ rN+ Dex+4}
MPRegen  0.25/turn              p - ring "Ypauneep" {rF+ rC+ MR+ Dex+4}

@: lethally poisoned (-10 -> -18), quick
A: permanent stasis, dig shafts and tunnels, four strong arms, antennae 3, icy
blue scales 1, camouflage 1, fire resistance 1, frail 2, screaming 1, subdued
magic 1
}: 4/15 runes: decaying, slimy, silver, gossamer
a: Dig, Shaft Self, Depart the Abyss, Bend Space, Banish, Corrupt, Enter the
Abyss, Renounce Religion, Evoke Flight


You were on level 3 of the Realm of Zot.
You worshipped Lugonu.
Lugonu was exalted by your worship.
You were not hungry.

You visited 10 branches of the dungeon, and saw 52 of its levels.
You visited the Abyss 4 times.
You visited 1 ziggurat, and saw 7 of its levels.
You also visited: Labyrinth, Trove, Ossuary, Bailey and Desolation.

You collected 8152 gold pieces.
You spent 2033 gold pieces at shops.

Inventory:

Hand Weapons
 m - the +7 executioner's axe "Gugreh" {antimagic, Int+2 Dex+2}
   (You found it in a treasure trove)

   It reduces the magical energy of the wielder, and disrupts the spells and
   magical abilities of those hit.
   Natural abilities and divine invocations are not affected.
   It affects your intelligence (+2).
   It affects your dexterity (+2).
 u - the +8 frozen axe "Frostbite" (weapon) {freezing cloud, *Noise +Fly rC+}
   (You found it in a treasure trove)

   It has been specially enchanted to freeze those struck by it, causing extra
   injury to most foes and up to half again as much damage against particularly
   susceptible opponents.
   It can also slow down cold-blooded creatures.
   It protects you from cold.
   It lets you fly.
   It may make noises in combat.
 y - the +8 mithril axe "Arga" {speed, MR+}
   (You found it in a treasure trove)

   Attacks with this weapon are significantly faster.
   It affects your resistance to hostile enchantments.
 V - a +9 executioner's axe of distortion
Missiles
 G - 2 throwing nets (quivered)
Armour
 g - a +2 cloak of magic resistance (worn)
 j - the +3 pair of gauntlets of War (worn) {Slay+5}
   (You found it on level 2 of a ziggurat)

   It affects your accuracy and damage with ranged weapons and melee attacks
   (+5).
 r - +2 gold dragon scales
 A - a +5 large shield of reflection (worn)
 J - a +2 pair of boots of running (worn)
 Q - the +8 orange crystal plate armour (worn) {Archmagi, Int+3 Clar}
   (You found it on level 5 of the Pits of Slime)

   It affects your intelligence (+3).
   It protects you against confusion.
 Z - the +0 pair of gloves of the Countless People {rF++ Str+6 Int-3}
   (You found it in the Desolation of Salt)

   It affects your strength (+6).
   It affects your intelligence (-3).
   It greatly protects you from fire.
Jewellery
 p - the ring "Ypauneep" (right hand) {rF+ rC+ MR+ Dex+4}
   (You bought it in a shop on level 4 of the Vaults)

   [ring of protection from cold]

   It affects your dexterity (+4).
   It protects you from fire.
   It protects you from cold.
   It affects your resistance to hostile enchantments.
 z - the ring of Shadows {Umbra +Inv Stlth+}
   (You found it on level 3 of a ziggurat)

   [ring of stealth]

   It lets you turn invisible.
   It makes you more stealthy.
 H - a +5 ring of protection
 P - the ring "Xenije" (left hand) {*Tele rC+ rN+ Dex+4}
   (You found it on level 3 of the Elven Halls)

   [ring of teleportation]

   It may teleport you next to monsters.
   It affects your dexterity (+4).
   It protects you from cold.
   It protects you from negative energy.
 R - a +6 amulet of reflection (around neck)
Wands
 x - a wand of acid (5/15)
 C - a wand of clouds (6/9)
 O - a wand of digging (17/24)
Scrolls
 d - 27 scrolls of remove curse
 h - 15 scrolls of identify
 s - 4 scrolls of enchant weapon
 v - 10 scrolls of immolation
 w - 11 scrolls of fog
 E - 7 scrolls of fear
 F - 12 scrolls of recharging
 S - a scroll of brand weapon
 T - 2 scrolls of summoning
 Y - 6 scrolls of magic mapping
Potions
 a - 2 potions of might
 b - 5 potions of magic
 e - 8 potions of mutation
 f - 17 potions of curing
 i - a potion of heal wounds
 k - 10 potions of flight
 l - 6 potions of cancellation
 o - 9 potions of brilliance
 t - 9 potions of lignification
 B - 7 potions of ambrosia
 I - 6 potions of resistance
 N - 5 potions of invisibility
 X - 3 potions of agility
Books
 K - a book of Dreams

   Spells                             Type                      Level
   a - Ensorcelled Hibernation        Hexes/Ice                    2
   b - Silence                        Hexes/Air                    5
   c - Darkness                       Hexes                        6
   d - Shadow Creatures               Summoning                    6
 W - Plog's Volume of Shifting Dark Secrets
   (You found it on level 5 of the Pits of Slime)

   Spells                             Type                      Level
   a - Passwall                       Transmutation/Earth          2
   b - Vampiric Draining              Necromancy                   3
   c - Spider Form                    Transmutation/Poison         3
   d - Simulacrum                     Ice/Necromancy               6
   e - Hydra Form                     Transmutation                6
Miscellaneous
 M - a lamp of fire
Comestibles
 c - 42 bread rations
 n - 41 fruits
 q - 4 meat rations
 U - 35 royal jellies


   Skills:
 + Level 19.4 Fighting
 * Level 24.4 Axes
 + Level 19.4 Armour
 + Level 16.7 Dodging
 + Level 20.7 Shields
 + Level 20.7 Invocations


You had 26 spell levels left.
You didn't know any spells.

Dungeon Overview and Level Annotations

Branches:
Dungeon (15/15)            Temple (0/1) D:7            Lair (6/6) D:10
  Swamp (4/4) Lair:3       Spider (4/4) Lair:4        Slime (5/5) Lair:5
    Orc (2/2) D:10            Elf (3/3) Orc:2        Vaults (5/5) D:14
  Crypt (0/3) Vaults:2     Depths (5/5) D:15            Zot (3/5) Depths:5

Altars:
Dithmenos
Elyvilon
Fedhas
Gozag
Kikubaaqudgha
Yredelemnul
Beogh
Jiyva

Shops:
D:6 }   D:7 !   D:10 (   D:13 *   D:14 (   Orc:2 [[[(   Elf:1 *   Elf:2 }
Vaults:4 %[=   Vaults:5 (   Depths:2 [

Portals:
Hell: Depths:1 Depths:2 Depths:3 Depths:4 Depths:5
Abyss: Depths:4 Depths:5
Pandemonium: Depths:3 Depths:5

Annotations:
D:11 exclusion: 2 doors
D:15 exclusion: Roxanne, Roxanne
Lair:3 exclusion: 3 oklob plants
Lair:6 corrupted
Swamp:4 corrupted
Slime:5 corrupted
Orc:2 corrupted
Elf:2 corrupted
Elf:3 corrupted
Vaults:5 corrupted
Abyss:1 Mara, Nergalle


Innate Abilities, Weirdness & Mutations

You cannot be hasted, slowed, berserked, paralysed or teleported.
You can dig through walls and to a lower floor.
Your four strong arms can wield two-handed weapons with a shield.
You have a pair of large antennae on your head. (SInv)
You are partially covered in icy blue scales. (AC +2)
Your skin changes colour to match your surroundings (Stealth+).
Your flesh is heat resistant. (rF+)
You are very frail. (-20% HP)
You occasionally shout uncontrollably at your foes.
Your spells are a little easier to cast, but a little less powerful.


Message History

* * * LOW HITPOINT WARNING * * *
You feel sick.
You regained 8 hp, and now have 34/177 hp.
You hit the green draconian.
The green draconian seems to slow down.
You freeze the green draconian.
The green draconian is severely wounded.
You feel sick.
You block the green draconian's attack. x2
You take 1 damage, and have 33/177 hp.
You cut the green draconian into ribbons!!!
You freeze the green draconian.
You kill the green draconian!
Lugonu accepts your kill.
You feel sick.
You take 1 damage, and have 32/177 hp.
You closely miss the electric golem.
The electric golem is severely damaged.
You feel sick.
The electric golem hurls lightning at you.
The bolt of lightning hits you!
You die...

#######.'.......#
........#.......#
####....#.......#
#.##.#.......#
#.##.#.......#
#.##.#.......#
#.##.##'######
#.##.##.# ###
#.##....# #@##
#.##.##.# ##8#
#.##.##.#####.#######
+.. #....##§§{§...#
#.# #.....+§§§§...#
####.##§§§§...#
#.##.§.....# {
#.§'.§.....#
#.##>§.....+


You could see an electric golem.

Vanquished Creatures
  the Royal Jelly (Slime:5)
  2 orbs of fire
  An ancient lich (Vaults:5)
  A juggernaut (Depths:5)
  Mennas (Depths:3)
  A Killer Klown (Zot:2)
  Margery (Depths:5)
  3 caustic shrikes
  7 golden dragons
  Jory (Depths:3)
  An electric golem (Zot:1)
  An iron giant (Zig:6)
  10 tentacled monstrosities
  2 liches
  4 titans
  A quicksilver dragon (Vaults:5)
  A sphinx (Vaults:3)
  12 acid blobs
  4 death cobs
  An ancient champion (Zig:4)
  3 tentacled starspawn
  Frances (Abyss:1)
  A thorn hunter (Zig:7)
  Kirke (Lair:6)
  9 storm dragons
  22 azure jellies
  10 shadow dragons
  A daeva (Zig:5)
  Donald (Spider:2)
  4 draconian monks
  10 fire giants
  An iron dragon (Vaults:5)
  11 frost giants
  6 deep elf sorcerers
  5 tengu reavers
  An imperial myrmidon (Desolation)
  A draconian knight (Zot:2)
  Aizul (Swamp:1)
  7 draconian scorchers
  18 vault wardens
  2 deep elf elementalists
  2 curse skulls (Zig:4)
  An orc warlord (Vaults:4)
  6 ghost moths
  3 draconian stormcallers
  6 emperor scorpions
  A spriggan defender (Depths:4)
  A ghoul (Vaults:3)
  13 very ugly things
  3 draconian annihilators
  13 ironheart preservers
  2 war gargoyles
  2 bennus (Zig:1)
  7 vampire knights
  17 stone giants
  3 entropy weavers
  2 deep elf demonologists
  4 lorocyprocas (Depths:3)
  6 black draconians
  8 green draconians
  7 spark wasps
  5 white draconians
  19 red draconians
  5 yellow draconians
  A deep elf annihilator (Elf:3)
  2 halazid warlocks (Desolation)
  The ghost of Shiggs the Fighter, a journeyman GrFi of Okawaru (Lair:5)
  3 purple draconians
  7 crystal guardians
  7 ettins
  3 jiangshi
  3 deep elf high priests
  A blizzard demon (Abyss:1)
  8 fire dragons
  10 death oozes
  A minotaur (Lab)
  3 deep elf death magi
  9 great orbs of eyes
  16 ice dragons
  12 yaktaur captains
  2 servants of whispers (Desolation)
  6 ragged hierophants (Desolation)
  8 hydras
  A hell beast (Depths:3)
  4 rakshasas
  12 vault guards
  The ghost of Nattefrost the Basher, a novice OgHu of Trog (D:7)
  A death knight (Vaults:3)
  Erolcha (D:10)
  2 ghost crabs (Swamp:2)
  4 peacekeepers (Desolation)
  2 spriggan air magi
  57 two-headed ogres
  7 centaur warriors
  16 dancing weapons
  3 alligators
  19 ogre magi
  10 deep troll shamans
  A hell hog (Abyss:1)
  4 thrashing horrors
  12 deep troll earth magi
  4 vampire magi
  5 tengu warriors
  15 deep elf knights
  Sonja (D:11)
  4 spriggan berserkers
  A queen ant (shapeshifter) (Vaults:1)
  A soul eater (Depths:3)
  2 salamander mystics (Depths:4)
  8 shadow wraiths
  A spatial maelstrom (Abyss:1)
  3 wretched stars
  3 iron trolls
  13 hell knights
  31 deep trolls
  2 sixfirhies (Abyss:1)
  2 unseen horrors
  5 wizards
  A swamp dragon (Lair:6)
  2 spriggan druids (Swamp:2)
  9 flayed ghosts
  An orange crystal statue (Depths:2)
  7 glowing orange brains
  3 shambling mangroves
  19 ironbrand convokers
  A swamp dragon (shapeshifter) (Vaults:1)
  10 deep elf archers
  A tengu zombie (Vaults:3)
  A sphinx zombie (Vaults:2)
  10 necromancers
  24 orc knights
  Pikel (D:3)
  6 phantasmal warriors
  10 harpies
  3 orc sorcerers
  An orb spider (shapeshifter) (Depths:4)
  49 deep elf magi
  49 ugly things
  41 wolf spiders
  15 orb spiders
  4 large abominations (Abyss:1)
  7 salamanders (Depths:4)
  2 manticores
  5 shining eyes
  A worldbinder (Abyss:1)
  11 moths of wrath
  2 moths of wrath (shapeshifter)
  7 cyclopes
  7 elephants
  A rust devil (Depths:3)
  An eye of devastation (shapeshifter) (Vaults:5)
  13 vault sentinels
  An ice statue (Zig:2)
  A black mamba (Lair:1)
  2 fire giant skeletons (Vaults:3)
  2 guardian serpents
  2 torpor snails
  2 eyes of devastation
  6 centaur zombies
  A storm dragon simulacrum (Vaults:3)
  2 smoke demons
  12 spiny frogs
  42 yaktaurs
  A torpor snail (shapeshifter) (D:14)
  2 gargoyles
  4 demonic crawlers
  6 rime drakes
  A swamp worm zombie (Swamp:4)
  2 ancient zymes
  8 freezing wraiths
  7 komodo dragons
  4 efreet
  4 kobold demonologists
  An ice devil (Depths:3)
  A wind drake (shapeshifter) (Vaults:4)
  A yaktaur (shapeshifter) (Depths:1)
  3 hellwings
  7 trolls
  4 tengu conjurers
  A meliai (shapeshifter) (D:15)
  A polar bear (shapeshifter) (Elf:3)
  A merfolk (shapeshifter) (Elf:3)
  31 jumping spiders
  30 hornets
  8 tyrant leeches
  4 raiju
  An ettin zombie (Vaults:3)
  5 polar bears
  35 saltlings
  96 slime creatures
  10 bog bodies
  A hornet (shapeshifter) (Depths:1)
  8 hippogriffs
  A dream sheep (shapeshifter) (Depths:3)
  14 blink frogs
  2 alligator zombies (Swamp:4)
  An ettin skeleton (Vaults:2)
  A centaur simulacrum (D:15)
  A meliai zombie (D:14)
  8 air elementals
  44 yaks
  A spriggan (shapeshifter) (Vaults:1)
  A wyvern (shapeshifter) (Vaults:5)
  8 wraiths
  7 starcursed masses (Zig:5)
  2 ynoxinuls (Abyss:1)
  70 redbacks
  14 spriggans
  3 wyverns
  17 shadows
  3 basilisks
  21 tarantellas
  11 water elementals
  6 hogs (Lair:6)
  23 fire elementals (Zot:2)
  Eustachio (D:5)
  6 golden eyes (Slime:1)
  3 chaos spawn
  20 humans (D:14)
  4 hungry ghosts
  4 human simulacra
  3 steam dragons (Lair:6)
  24 vampire mosquitoes
  2 spatial vortices
  10 wargs
  Edmund (D:5)
  A soldier ant (D:14)
  2 acid dragons
  17 insubstantial wisps
  19 swamp worms
  4 water moccasins
  5 hell hounds
  9 porcupines
  A floating eye (shapeshifter) (Vaults:5)
  3 ice beasts
  An eye of draining (shapeshifter) (Vaults:2)
  2 sky beasts
  8 black bears
  43 orc warriors
  4 eyes of draining
  6 swamp drakes
  12 wolves
  3 phantoms
  48 ogres
  11 boggarts
  17 centaurs
  21 crocodiles
  A big kobold (D:8)
  22 bullfrogs
  2 elf skeletons (D:8)
  4 earth elementals
  A glowing shapeshifter simulacrum (Vaults:3)
  5 small abominations (Abyss:1)
  2 scorpions
  3 wyvern skeletons
  31 killer bees
  3 wights (D:6)
  3 electric eels
  A howler monkey (shapeshifter) (Depths:1)
  5 howler monkeys
  2 crimson imps
  5 hounds
  29 orc priests
  31 orc wizards
  3 jellies
  A jelly (shapeshifter) (Vaults:1)
  5 bullfrog skeletons
  6 centaur skeletons
  3 human zombies
  Ijyb (D:5)
  2 human skeletons
  4 iguanas
  A polar bear simulacrum (Lair:2)
  5 worker ants
  3 yak simulacra (Lair:2)
  5 wolf simulacra (Lair:2)
  A big kobold zombie (Ossuary)
  7 mummies
  A howler monkey zombie (D:9)
  4 gnolls (D:9)
  14 adders
  3 shadow imps
  12 white imps (Lair:1)
  2 adder skeletons (D:4)
  4 worms
  2 dart slugs (D:1)
  7 leopard geckos
  103 orcs
  A ball python (D:5)
  6 bats
  4 giant cockroaches
  12 goblins
  3 hobgoblins
  2 jackals (D:6)
  11 kobolds
  4 quokkas
  10 frilled lizards
  A gnoll zombie (Ossuary)
  2 goblin zombies (Ossuary)
  A kobold zombie (Ossuary)
  2 orc skeletons (D:8)
  2 orc zombies
  5 rats
  2 river rat simulacra (Lair:2)
  3 briar patches (Zig:7)
  A butterfly (Lair:3)
  6 fungi
  7 plants
  3 starspawn tentacles
2366 creatures vanquished.

Vanquished Creatures (others)
  A bone dragon (Swamp:4)
  A lich (Zig:6)
  A deep elf master archer (Elf:3)
  A deep elf blademaster (Elf:3)
  5 acid blobs (Slime:5)
  A shadow dragon (Vaults:5)
  An azure jelly (Slime:5)
  A fire giant (Vaults:5)
  A frost giant (Vaults:5)
  2 vault wardens (Vaults:5)
  Louise (Depths:5)
  6 deep elf sorcerers
  A draconian stormcaller (Zot:1)
  3 deep elf elementalists (Elf:3)
  2 ironheart preservers (Vaults:5)
  2 stone giants (Vaults:5)
  A war gargoyle (Vaults:5)
  3 deep elf annihilators (Elf:3)
  7 deep elf demonologists (Elf:3)
  A spark wasp (shapeshifter) (Elf:1)
  An ettin (Vaults:5)
  4 death oozes (Slime:5)
  4 deep elf death magi (Elf:3)
  24 vault guards (Vaults:5)
  An ice dragon (D:15)
  5 deep elf high priests (Elf:3)
  6 yaktaur captains
  7 hydras
  2 ghost crabs (Swamp:4)
  2 ogre magi (Orc:2)
  A catoblepas (D:15)
  4 centaur warriors
  17 dancing weapons
  8 two-headed ogres (Orc:2)
  6 deep elf knights
  A wretched star (Abyss:1)
  A golden dragon zombie (Abyss:1)
  2 deep trolls (Orc:2)
  2 spectral hydras (Swamp:4)
  2 ironbrand convokers (Vaults:5)
  A large abomination (Abyss:1)
  3 deep elf archers (Elf:2)
  16 deep elf magi
  An orb spider (Spider:1)
  5 phantasmal warriors
  An orc sorcerer (Elf:3)
  5 cyclopes
  A frost giant zombie (Zig:6)
  A wolf spider (Vaults:5)
  A moth of wrath (shapeshifter) (D:15)
  A molten gargoyle (Desolation)
  A vault sentinel (Vaults:5)
  A torpor snail (Lair:6)
  A rime drake (Lair:6)
  14 yaktaurs
  2 demonic crawlers
  A tormentor (Zig:6)
  4 hydra zombies (Swamp:4)
  9 trolls
  7 polar bears (Lair:6)
  2 slime creatures (Slime:5)
  A raiju (Lair:6)
  4 spectral swamp dragons (Swamp:4)
  A hippogriff (shapeshifter) (Vaults:5)
  An elf zombie (Zig:6)
  2 water elementals (Elf:2)
  2 fire elementals (Elf:2)
  2 vampire mosquitoes
  2 chaos spawn (Abyss:1)
  4 wargs (Lair:6)
  9 insubstantial wisps
  11 hell hounds
  A swamp drake (Swamp:2)
  6 phantoms (Swamp:4)
  5 black bears (Lair:6)
  3 swamp dragon zombies (Swamp:4)
  8 wolves (Lair:6)
  2 centaurs
  A boggart (Vaults:2)
  16 ogres
  An earth elemental (Elf:3)
  2 orc priests
  An orc wizard (Orc:2)
  2 iron imps (Zig:6)
  A spectral swamp drake (Swamp:4)
  A swamp drake zombie (Swamp:4)
  An adder (D:8)
  8 orcs
  A quokka (D:8)
  3 briar patches (Zig:7)
  2 crawling corpses (Elf:3)
  5 fungi
  21 plants
  34 starspawn tentacles
384 creatures vanquished.

Grand Total: 2750 creatures vanquished

Notes
Turn   | Place    | Note
-------+----------+-------------------------------------------
     0 | Abyss:1  | namelastname112 the Formicid Abyssal Knight began the quest for the Orb.
     0 | Abyss:1  | Reached XP level 1. HP: 18/18 MP: 2/2
    29 | Abyss:1  | Noticed a smoke demon
    30 | D:1      | Escaped the Abyss
    76 | D:1      | Reached skill level 1 in Dodging
   149 | D:1      | Reached XP level 2. HP: 9/24 MP: 3/3
   958 | D:1      | Reached XP level 3. HP: 26/29 MP: 4/4
  1252 | D:2      | Reached * piety under Lugonu
  1599 | D:2      | Reached XP level 4. HP: 18/36 MP: 6/6
  2214 | D:3      | Reached skill level 3 in Axes
  2866 | D:3      | Reached XP level 5. HP: 28/42 MP: 7/7
  3119 | D:3      | Reached ** piety under Lugonu
  3399 | D:4      | Noticed a slave
  3400 | D:4      | Noticed Pikel
  3400 | D:4      | Noticed a slave
  3400 | D:4      | Noticed a slave
  3407 | D:4      | Got a translucent plate armour
  3437 | D:3      | Identified the cursed +1 plate armour of the End {rPois Regen+ MP+9} (You found it on level 4 of the Dungeon)
  3532 | D:4      | Reached skill level 1 in Shields
  3532 | D:4      | Reached XP level 6. HP: 38/48 MP: 8/8
  3668 | D:4      | Noticed a slave
  3747 | D:3      | Killed Pikel
  3747 | D:3      | Reached skill level 4 in Axes
  3747 | D:3      | Reached XP level 7. HP: 7/55 MP: 10/10
  4132 | D:5      | Entered Level 5 of the Dungeon
  4239 | D:5      | Reached XP level 8. HP: 43/61 MP: 11/11
  4341 | D:5      | Noticed Edmund
  4377 | D:5      | Killed Edmund
  4377 | D:5      | Reached skill level 5 in Axes
  4436 | D:5      | Reached skill level 5 in Fighting
  4511 | D:5      | Noticed Eustachio
  4562 | D:5      | Killed Eustachio
  4562 | D:5      | Reached skill level 5 in Invocations
  4595 | D:5      | Noticed Ijyb
  4618 | D:5      | Killed Ijyb
  4683 | D:5      | Found an opulent altar of Gozag.
  5059 | D:6      | Found a blossoming altar of Fedhas.
  5114 | D:6      | Reached XP level 9. HP: 19/68 MP: 13/13
  5348 | D:6      | Found Jiuren's Gadget Shoppe.
  5540 | D:6      | Reached skill level 6 in Axes
  5558 | D:6      | Reached skill level 5 in Armour
  6066 | D:7      | Noticed Nattefrost's ghost (novice OgHu)
  6111 | D:8      | Found a white marble altar of Elyvilon.
  6165 | D:8      | Reached *** piety under Lugonu
  6191 | D:8      | Found a flagged portal.
  6201 | Bailey   | Entered a bailey
  6201 | Bailey   | Noticed an orc knight
  6201 | Bailey   | Noticed an orc knight
  6203 | Bailey   | Noticed tidbits's ghost (novice DgWn)
  6273 | D:8      | Found a sand-covered staircase.
  6282 | Ossuary  | Entered an ossuary
  6520 | Ossuary  | Reached skill level 5 in Shields
  6682 | D:8      | Found a shadowy altar of Dithmenos.
  6825 | D:8      | Reached skill level 7 in Axes
  6863 | D:8      | Noticed a two-headed ogre
  6883 | D:8      | Killed a two-headed ogre
  6883 | D:8      | Reached XP level 10. HP: 17/77 MP: 14/14
  7101 | D:7      | Found a staircase to the Ecumenical Temple.
  7390 | D:7      | Killed Nattefrost's ghost
  7390 | D:7      | Reached skill level 8 in Axes
  7445 | D:7      | Found Asseikh's Distillery.
  7449 | D:7      | Bought a potion of heal wounds for 55 gold pieces
  7449 | D:7      | Bought a potion of heal wounds for 55 gold pieces
  7449 | D:7      | Bought a potion of curing for 33 gold pieces
  7887 | D:8      | Reached **** piety under Lugonu
  7897 | D:8      | Reached skill level 5 in Dodging
  8827 | D:9      | Reached XP level 11. HP: 79/84 MP: 16/16
  9113 | D:9      | Noticed a two-headed ogre
  9119 | D:9      | Killed a two-headed ogre
  9119 | D:9      | Reached skill level 9 in Axes
  9665 | D:9      | Noticed a two-headed ogre
  9674 | D:9      | Killed a two-headed ogre
  9939 | D:9      | Gained mutation: Your skin changes colour to match your surroundings (Stealth+). [mutagenic meat]
  9940 | D:9      | Gained mutation: You are dopey. (Int -2) [mutagenic meat]
  9942 | D:9      | Gained mutation: Your spells are a little harder to cast, but a little more powerful. [mutagenic meat]
  9970 | D:9      | Noticed a manticore
  9977 | D:9      | Killed a manticore
 10053 | D:10     | Entered Level 10 of the Dungeon
 10070 | D:10     | Found a staircase to the Lair.
 10223 | D:10     | Found a staircase to the Orcish Mines.
 10272 | D:10     | Found Ampyonul's Antique Weapon Boutique.
 10335 | D:10     | Noticed a two-headed ogre
 10348 | D:10     | Killed a two-headed ogre
 10348 | D:10     | Reached ***** piety under Lugonu
 10463 | D:10     | Noticed Erolcha
 10470 | D:10     | Killed Erolcha
 10470 | D:10     | Reached skill level 10 in Axes
 10470 | D:10     | Reached XP level 12. HP: 94/94 MP: 18/18
 10597 | D:10     | Noticed a two-headed ogre
 10603 | D:10     | Killed a two-headed ogre
 10691 | D:11     | Noticed a six-headed hydra
 10723 | D:11     | Noticed Sonja
 10777 | D:11     | Killed Sonja
 11126 | D:11     | Identified the Tome of Experimentation
 11480 | D:11     | Banished a six-headed hydra
 11894 | D:12     | Noticed a five-headed hydra
 11895 | D:12     | Banished a five-headed hydra
 11911 | D:12     | Reached skill level 11 in Axes
 12136 | D:12     | Noticed Nergalle
 12139 | D:12     | Banished Nergalle
 12143 | D:12     | Noticed a six-headed hydra
 12195 | D:12     | Noticed an unseen horror
 12201 | D:12     | Banished a six-headed hydra
 12204 | D:12     | Killed an unseen horror
 12204 | D:12     | Reached XP level 13. HP: 93/101 MP: 20/20
 12645 | D:13     | Noticed a centaur warrior
 12657 | D:13     | Killed a centaur warrior
 12657 | D:13     | Reached skill level 10 in Invocations
 12925 | D:13     | Noticed Frances
 13330 | D:13     | Banished Frances
 13336 | D:13     | Reached skill level 12 in Axes
 13682 | D:13     | Found Diethyunk's Hallowed Reliquary.
 13682 | D:13     | Found a white marble altar of Elyvilon.
 13682 | D:13     | Noticed an angel
 13686 | D:13     | Bought a potion of heal wounds for 90 gold pieces
 13851 | D:14     | Reached skill level 10 in Fighting
 13905 | D:14     | Found Teavygai's Weapon Boutique.
 13996 | D:14     | Noticed a seven-headed hydra
 13998 | D:14     | Banished a seven-headed hydra
 14050 | D:14     | Got a scorched broad axe
 14056 | D:14     | Reached skill level 10 in Shields
 14076 | D:14     | Identified the +5 broad axe of Pomyuch {antimagic, rC+ rN+ Dex+4} (You found it on level 14 of the Dungeon)
 14156 | D:14     | Reached skill level 10 in Armour
 14210 | D:14     | Reached XP level 14. HP: 110/110 MP: 10/22
 14490 | D:14     | Found a gate to the Vaults.
 14952 | D:15     | Entered Level 15 of the Dungeon
 15134 | D:15     | Reached skill level 13 in Axes
 15835 | D:15     | Noticed Roxanne
 16095 | D:15     | Found a staircase to the Depths.
 16347 | D:15     | Reached XP level 15. HP: 112/117 MP: 10/23
 16535 | Lair:1   | Entered Level 1 of the Lair of Beasts
 16550 | Lair:1   | Found a labyrinth entrance.
 16558 | Lab      | Entered a labyrinth
 16887 | Lab      | Got a crude arbalest
 16888 | Lab      | Identified the cursed +3 arbalest "Miezxab" {penet, Int+2 Dex+6 SInv} (You took it off a minotaur in a labyrinth)
 17023 | Lair:1   | You fall through a shaft!
 18028 | Lair:2   | Reached ****** piety under Lugonu
 18548 | Lair:3   | Found a staircase to the Swamp.
 19840 | Lair:4   | Found a hole to the Spider Nest.
 19892 | Lair:4   | Reached skill level 14 in Axes
 20180 | Spider:1 | Entered Level 1 of the Spider Nest
 20180 | Spider:1 | Noticed an emperor scorpion
 20516 | Lair:5   | Found a staircase to the Slime Pits.
 20517 | Lair:5   | Found a viscous altar of Jiyva.
 20867 | Lair:5   | Noticed Shiggs's ghost (journeyman GrFi)
 20885 | Lair:5   | Killed Shiggs's ghost
 20956 | Lair:5   | Found a runed door.
 21150 | Lair:6   | Entered Level 6 of the Lair of Beasts
 21235 | Lair:6   | Noticed Kirke
 21257 | Lair:6   | Killed Kirke
 21465 | Lair:6   | Reached XP level 16. HP: 112/127 MP: 11/25
 22169 | Lair:6   | Corrupted Lair:6
 22169 | Lair:6   | Noticed a tentacled starspawn
 22169 | Lair:6   | Noticed a profane servitor
 22169 | Lair:6   | Noticed a deep elf sorcerer
 22170 | Lair:6   | Noticed a tentacled starspawn
 22171 | Lair:6   | Noticed a profane servitor
 22986 | Orc:1    | Entered Level 1 of the Orcish Mines
 23578 | Orc:2    | Entered Level 2 of the Orcish Mines
 23807 | Orc:2    | Found a staircase to the Elven Halls.
 23949 | Orc:2    | Found a roughly hewn altar of Beogh.
 23963 | Orc:2    | Corrupted Orc:2
 23963 | Orc:2    | Noticed a tentacled starspawn
 23965 | Orc:2    | Noticed a tentacled starspawn
 23967 | Orc:2    | Noticed a bone dragon
 23970 | Orc:2    | Noticed a Hell Sentinel
 24058 | Orc:2    | Noticed a bone dragon
 24060 | Orc:2    | Found Necwued's Antique Armour Shop.
 24066 | Orc:2    | Found Irig's Antique Armour Boutique.
 24067 | Orc:2    | Found Tuifugg's Weapon Shoppe.
 24069 | Orc:2    | Bought a glowing cloak for 225 gold pieces
 24074 | Orc:2    | Bought a pair of embroidered boots for 247 gold pieces
 24077 | Orc:2    | Found Urhoukh's Antique Armour Boutique.
 24429 | Elf:1    | Entered Level 1 of the Elven Halls
 24472 | Elf:1    | Reached skill level 10 in Dodging
 24615 | Elf:1    | Reached skill level 15 in Axes
 24937 | Elf:1    | Found Roidaprich's Assorted Antiques.
 24946 | Elf:1    | Bought a potion of heal wounds for 160 gold pieces
 26090 | Elf:1    | Got a thick robe
 26101 | Elf:1    | Identified the +1 robe of Submission {rElec rPois rN++ MR-} (You found it on level 1 of the Elven Halls)
 26823 | Elf:2    | p0werm0de: bled
 26891 | Elf:2    | Reached XP level 17. HP: 124/134 MP: 8/26
 27710 | Elf:2    | Found a runed gate.
 27710 | Elf:2    | Found a runed gate.
 27710 | Elf:2    | Found a runed gate.
 27975 | Elf:2    | Found Toquesae's Gadget Boutique.
 28204 | Elf:2    | Corrupted Elf:2
 28204 | Elf:2    | Noticed an Executioner
 28204 | Elf:2    | Noticed a lich
 28709 | Elf:3    | Entered Level 3 of the Elven Halls
 28921 | Elf:3    | Cast into level 3 of the Abyss (a deep elf sorcerer)
 28922 | Elf:3    | Escaped the Abyss
 29098 | Elf:3    | Reached skill level 16 in Axes
 29182 | Elf:3    | Corrupted Elf:3
 29182 | Elf:3    | Noticed a bone dragon
 29182 | Elf:3    | Noticed a tentacled starspawn
 29183 | Elf:3    | Noticed a deep elf master archer
 29210 | Elf:3    | Killed a deep elf master archer
 29212 | Elf:3    | Noticed a tentacled starspawn
 29213 | Elf:3    | Banished a deep elf master archer
 29217 | Elf:3    | Killed a deep elf blademaster
 29455 | Elf:3    | Got a glittering amber ring
 29456 | Elf:3    | Identified the ring "Xenije" {*Tele rC+ rN+ Dex+4} (You found it on level 3 of the Elven Halls)
 30443 | Swamp:1  | Entered Level 1 of the Swamp
 30775 | Swamp:1  | Noticed Aizul
 30791 | Swamp:1  | Killed Aizul
 31223 | Swamp:1  | Reached XP level 18. HP: 117/143 MP: 28/28
 32525 | Swamp:2  | Noticed a tentacled monstrosity
 32584 | Swamp:2  | Killed a tentacled monstrosity
 34025 | Swamp:4  | Entered Level 4 of the Swamp
 34747 | Swamp:4  | Corrupted Swamp:4
 34747 | Swamp:4  | Noticed a tentacled monstrosity
 34801 | Swamp:4  | Killed a bone dragon
 34872 | Swamp:4  | Identified a scroll of acquirement
 34900 | Swamp:4  | Got a decaying rune of Zot
 34904 | Swamp:4  | Identified the Incunabulum of Assistive Flight
 35212 | Vaults:1 | Entered Level 1 of the Vaults
 35714 | Vaults:1 | Reached skill level 17 in Axes
 35850 | Vaults:1 | Reached XP level 19. HP: 88/149 MP: 29/29
 36316 | Vaults:1 | You fall through a shaft!
 37454 | Vaults:2 | Reached skill level 15 in Invocations
 37744 | Vaults:2 | Reached skill level 15 in Shields
 38031 | Vaults:2 | Reached skill level 18 in Axes
 38081 | Vaults:2 | Reached XP level 20. HP: 158/158 MP: 31/31
 40283 | Vaults:2 | Found a staircase to the Crypt.
 40283 | Vaults:2 | Found a basalt altar of Yredelemnul.
 40284 | Vaults:2 | Found an ancient bone altar of Kikubaaqudgha.
 41540 | Vaults:3 | Reached XP level 21. HP: 161/166 MP: 32/32
 41914 | Vaults:4 | Reached skill level 19 in Axes
 42001 | Vaults:4 | Found Pyophap's Food Shop.
 42109 | Vaults:4 | Found a ruined gateway.
 42116 | Desolati | Entered the Desolation of Salt
 42528 | Desolati | Reached skill level 15 in Fighting
 42813 | Desolati | Reached skill level 15 in Armour
 43115 | Desolati | Got a pair of distressingly furry gloves
 43126 | Desolati | Identified the cursed +0 pair of gloves of the Countless People {rF++ Str+6 Int-3} (You found it in the Desolation of Salt)
 43142 | Desolati | Got a warped plate armour
 43143 | Desolati | Identified the cursed +1 plate armour of the Dungeon {*Corrode rElec Int+2 Dex+3} (You found it in the Desolation of Salt)
 43205 | Desolati | Identified the Incunabulum of the Enchanting Volcanoes
 43208 | Desolati | Identified the Tome of the Dusty Glacier
 43884 | Vaults:4 | Found Ocwen's Jewellery Shop.
 43898 | Vaults:4 | Bought the ring "Ypauneep" {rF+ rC+ MR+ Dex+4} for 848 gold pieces
 43965 | Vaults:4 | epen: https://www.youtube.com/watch?v=_1Tgwne3cgI
 44076 | Vaults:4 | Reached XP level 22. HP: 143/176 MP: 34/34
 44105 | Vaults:4 | Found a roughly hewn altar of Beogh.
 44296 | Vaults:4 | Found Seibbieta's Antique Armour Boutique.
 45074 | Depths:1 | Entered Level 1 of the Depths
 45442 | Depths:1 | Found a gateway to Hell.
 45675 | Depths:1 | Found a portal to a secret trove of treasure.
 45678 | Depths:1 | You paid a toll of 14 potions of curing to enter a treasure trove
 45679 | Trove    | Entered a treasure trove
 45683 | Trove    | Found the +8 frozen axe "Frostbite" {freezing cloud, *Noise +Fly rC+}
 45683 | Trove    | Found the +8 mithril axe "Arga" {speed, MR+}
 45687 | Trove    | Got an ivory executioner's axe
 45688 | Trove    | Identified the +7 executioner's axe "Gugreh" {antimagic, Int+2 Dex+2} (You found it in a treasure trove)
 46188 | Depths:2 | Reached skill level 20 in Axes
 46474 | Depths:2 | Found Miett's Armour Shop.
 46733 | Depths:2 | Identified a +9 executioner's axe of distortion (a +9 executioner's axe of flaming corrupted by Lugonu)
 46733 | Depths:2 | Received a gift from Lugonu
 46739 | Depths:2 | Got a pair of jewelled gloves
 46740 | Depths:2 | Identified the +0 pair of gloves of Darkness {rPois rF+ Str-4 Int+4} (You found it on level 2 of the Depths)
 47010 | Depths:2 | Reached XP level 23. HP: 176/180 MP: 35/35
 47098 | Depths:2 | Found a runed door.
 48339 | Depths:3 | Found a one-way gate leading to the halls of Pandemonium.
 48738 | Depths:3 | Noticed Jory
 48753 | Depths:3 | Killed Jory
 49092 | Depths:4 | Noticed Mennas
 49114 | Depths:3 | Killed Mennas
 49114 | Depths:3 | Reached skill level 21 in Axes
 49194 | Depths:3 | Reached XP level 24. HP: 147/190 MP: 35/35
 49495 | Depths:4 | Found a one-way gate to the infinite horrors of the Abyss.
 49585 | Depths:4 | Noticed a golden dragon
 49606 | Depths:4 | Killed a golden dragon
 50166 | Depths:4 | p0werm0de: frost bite harr
 50183 | Depths:4 | Found a gateway to a ziggurat.
 50234 | Depths:4 | p0werm0de: you like it??
 50293 | Depths:4 | namelastname112: i like killing
 50325 | Depths:4 | p0werm0de: but itslows down tabbin
 50444 | Depths:4 | p0werm0de: with this shit clouds
 50540 | Depths:4 | namelastname112: nah
 50540 | Depths:4 | namelastname112: rc+++
 50565 | Depths:5 | Entered Level 5 of the Depths
 50608 | Depths:5 | p0werm0de: monsters stand there and b afraid
 50640 | Depths:5 | p0werm0de: dont go into cloud
 50646 | Depths:5 | p0werm0de: sux
 50671 | Depths:5 | p0werm0de: REKKLESS
 51070 | Depths:5 | Noticed Louise
 51103 | Depths:5 | Killed Louise
 51171 | Depths:5 | Noticed Margery
 51185 | Depths:5 | Noticed a caustic shrike
 51185 | Depths:5 | Killed Margery
 51188 | Depths:5 | Noticed a caustic shrike
 51189 | Depths:5 | Noticed a caustic shrike
 51192 | Depths:5 | Killed a caustic shrike
 51194 | Depths:5 | Killed a caustic shrike
 51197 | Depths:5 | p0werm0de: ahaha
 51198 | Depths:5 | p0werm0de: those basterds
 51199 | Depths:5 | Banished a caustic shrike
 51526 | Depths:5 | namelastname112: birds are wonderful creatures
 51751 | Depths:5 | Reached XP level 25. HP: 188/201 MP: 36/36
 51768 | Depths:5 | Found a gate to the Realm of Zot.
 52068 | Depths:5 | Noticed a juggernaut
 52076 | Depths:5 | Killed a juggernaut
 52282 | Depths:5 | p0werm0de: you know the rackelhahn?
 52331 | Depths:4 | namelastname112: nope
 52331 | Depths:4 | p0werm0de: https://www.youtube.com/watch?v=1LNUCEcPS40
 52358 | Depths:4 | p0werm0de: too bad no german
 52729 | Vaults:4 | Bought an uncursed ring of resist corrosion for 320 gold pieces
 53060 | Slime:1  | Entered Level 1 of the Pits of Slime
 53196 | Slime:3  | p0werm0de: in the end he rips off the head
 53380 | Slime:4  | Gained mutation: Your body sometimes deteriorates upon taking damage. [a shining eye]
 53389 | Slime:5  | Entered Level 5 of the Pits of Slime
 53391 | Slime:5  | p0werm0de: and shits on the corpse
 53391 | Slime:5  | Gained mutation: You are weak. (Str -2) [a shining eye]
 53392 | Slime:5  | Gained mutation: Armour fits poorly on your strangely shaped body. [a shining eye]
 53420 | Slime:5  | p0werm0de: and fucks it
 53423 | Slime:5  | Noticed the Royal Jelly
 53425 | Slime:5  | Corrupted Slime:5
 53439 | Slime:5  | p0werm0de: ;D
 53450 | Slime:4  | namelastname112: dang
 53450 | Slime:4  | p0werm0de: escape to abyss
 53450 | Slime:4  | namelastname112: jello too strong
 53460 | Abyss:1  | p0werm0de: eZ
 53469 | Abyss:1  | p0werm0de: lugonu op
 53470 | Abyss:1  | Killed Frances
 53470 | Abyss:1  | Reached skill level 22 in Axes
 53472 | Abyss:1  | p0werm0de: oops
 53472 | Abyss:1  | p0werm0de: banished birds
 53472 | Abyss:1  | namelastname112: it's even worse in here
 53475 | Abyss:1  | p0werm0de: not rly you were safe ded
 53481 | Abyss:1  | Killed a caustic shrike
 53694 | Abyss:3  | namelastname112: what is this party
 53697 | Abyss:3  | Found a corrupted altar of Lugonu.
 53706 | Slime:4  | Escaped the Abyss
 54060 | Slime:4  | Gained mutation: Scrolls take you much longer to read. [a shining eye]
 54061 | Slime:4  | Gained mutation: You are very weak. (Str -4) [a shining eye]
 54118 | Slime:4  | Lost mutation: You are dopey. (Int -2) [potion of mutation]
 54118 | Slime:4  | Lost mutation: You are very weak. (Str -4) [potion of mutation]
 54118 | Slime:4  | Lost mutation: Your spells are a little harder to cast, but a little more powerful. [potion of mutation]
 54118 | Slime:4  | Gained mutation: You have large cloven feet. [potion of mutation]
 54119 | Slime:4  | Lost mutation: Armour fits poorly on your strangely shaped body. [potion of mutation]
 54119 | Slime:4  | Lost mutation: Your body sometimes deteriorates upon taking damage. [potion of mutation]
 54119 | Slime:4  | Lost mutation: You have large cloven feet. [potion of mutation]
 54119 | Slime:4  | Lost mutation: You are weak. (Str -2) [potion of mutation]
 54119 | Slime:4  | Gained mutation: You are resistant to hostile enchantments. (MR+) [potion of mutation]
 54320 | Slime:3  | Reached skill level 15 in Dodging
 54512 | Slime:3  | p0werm0de: epic survival m8
 54589 | Slime:1  | Gained mutation: Armour fits poorly on your strangely shaped body. [a shining eye]
 54592 | Slime:1  | Gained mutation: Scrolls take you longer to read. [a shining eye]
 55069 | Slime:5  | Killed the Royal Jelly
 55494 | Slime:5  | Found the +8 orange crystal plate armour {Archmagi, Int+3 Clar}
 55503 | Slime:5  | Got a slimy rune of Zot
 55585 | Slime:5  | Identified Plog's Volume of Shifting Dark Secrets
 55644 | Slime:5  | p0werm0de: aye OCPA
 55651 | Slime:5  | p0werm0de: so nice
 55665 | Slime:5  | p0werm0de: beautiful armor
 55752 | Lair:5   | Lost mutation: You are resistant to hostile enchantments. (MR+) [potion of mutation]
 55752 | Lair:5   | Lost mutation: Scrolls take you longer to read. [potion of mutation]
 55752 | Lair:5   | Lost mutation: Scrolls take you a little longer to read. [potion of mutation]
 55752 | Lair:5   | Lost mutation: Armour fits poorly on your strangely shaped body. [potion of mutation]
 55752 | Lair:5   | Gained mutation: You are frail. (-10% HP) [potion of mutation]
 55752 | Lair:5   | Gained mutation: Scrolls take you a little longer to read. [potion of mutation]
 55752 | Lair:5   | Gained mutation: You possess an exceptional clarity of mind. [potion of mutation]
 55753 | Lair:5   | Lost mutation: You are frail. (-10% HP) [potion of mutation]
 55753 | Lair:5   | Lost mutation: Scrolls take you a little longer to read. [potion of mutation]
 55753 | Lair:5   | Gained mutation: You expend magic power (3 MP) to strengthen your wands. [potion of mutation]
 55753 | Lair:5   | Gained mutation: Armour fits poorly on your strangely shaped body. [potion of mutation]
 55753 | Lair:5   | Gained mutation: You are robust. (+10% HP) [potion of mutation]
 55754 | Lair:5   | Lost mutation: You possess an exceptional clarity of mind. [potion of mutation]
 55754 | Lair:5   | Lost mutation: You expend magic power (3 MP) to strengthen your wands. [potion of mutation]
 55754 | Lair:5   | Lost mutation: You are robust. (+10% HP) [potion of mutation]
 55754 | Lair:5   | Gained mutation: Your muscles are strong. (Str +2) [potion of mutation]
 55754 | Lair:5   | Gained mutation: You are clumsy. (Dex -2) [potion of mutation]
 55754 | Lair:5   | Gained mutation: Your system is resistant to poisons. (rPois) [potion of mutation]
 55754 | Lair:5   | Gained mutation: Your flesh is heat resistant. (rF+) [potion of mutation]
 55755 | Lair:5   | Lost mutation: You are clumsy. (Dex -2) [potion of mutation]
 55755 | Lair:5   | Lost mutation: Armour fits poorly on your strangely shaped body. [potion of mutation]
 55755 | Lair:5   | Lost mutation: Your system is resistant to poisons. (rPois) [potion of mutation]
 55755 | Lair:5   | Gained mutation: You occasionally shout uncontrollably at your foes. [potion of mutation]
 55755 | Lair:5   | Gained mutation: You are partially covered in icy blue scales. (AC +2) [potion of mutation]
 56907 | Spider:2 | Reached XP level 26. HP: 207/207 MP: 36/36
 57413 | Spider:2 | Noticed Donald
 57430 | Spider:2 | Killed Donald
 58055 | Spider:4 | Entered Level 4 of the Spider Nest
 58786 | Spider:4 | Got a gossamer rune of Zot
 59104 | Lair:3   | Upgraded the game from 0.21-a0-251-g5e8393f to 0.21-a0-258-g4c0eb85
 59377 | Vaults:5 | Entered Level 5 of the Vaults
 59378 | Vaults:5 | Corrupted Vaults:5
 59436 | Vaults:5 | Noticed Mara
 59444 | Vaults:5 | Noticed namelastname112's illusion
 60070 | Vaults:5 | Escaped the Abyss
 60072 | Vaults:5 | Noticed namelastname112's illusion
 60076 | Vaults:5 | Banished Mara
 60224 | Vaults:5 | Reached skill level 23 in Axes
 60268 | Vaults:5 | Reached XP level 27. HP: 206/218 MP: 36/36
 60344 | Vaults:5 | Got a silver rune of Zot
 60416 | Vaults:5 | Noticed an ancient lich
 60426 | Vaults:5 | Killed an ancient lich
 61284 | Vaults:5 | Got a vibrating ivory ring
 61300 | Vaults:5 | Identified the ring "Cedooh" {rF+ Dex+4 Stlth-} (You took it off a vault warden on level 5 of the Vaults)
 61433 | Vaults:5 | Found Awoll's Weapon Shop.
 61787 | Vaults:5 | Got a slimy arbalest
 61788 | Vaults:5 | Identified the cursed +0 arbalest of Darkness {venom, rC+ Dex+3} (You took it off a vault warden on level 5 of the Vaults)
 61837 | Vaults:5 | Identified a +0 pair of boots of running (You found it on level 5 of the Vaults)
 61851 | Vaults:5 | Got a transparent ivory amulet
 61852 | Vaults:5 | Identified the amulet "Heugowi" {Gourm rF- Dex+3 Stlth+} (You found it on level 5 of the Vaults)
 62045 | Vaults:5 | Got a transparent plate armour
 62056 | Vaults:5 | Identified the +5 plate armour "Dolly" {rCorr Slay+3} (You acquired it on level 5 of the Vaults)
 62393 | Zig:1    | Entered Level 1 of a ziggurat
 62505 | Zig:2    | Entered Level 2 of a ziggurat
 62509 | Zig:2    | Found the +3 pair of gauntlets of War {Slay+5}
 62549 | Zig:3    | Entered Level 3 of a ziggurat
 62553 | Zig:3    | Found the ring of Shadows {Umbra +Inv Stlth+}
 62584 | Zig:4    | Entered Level 4 of a ziggurat
 63019 | Zig:5    | Entered Level 5 of a ziggurat
 63264 | Zig:6    | Entered Level 6 of a ziggurat
 63278 | Zig:6    | Corrupted Zig:6
 63587 | Zig:7    | Entered Level 7 of a ziggurat
 63803 | Zot:1    | Entered Level 1 of the Realm of Zot
 65725 | Zot:1    | Noticed an orb of fire
 65730 | Zot:1    | Gained mutation: You are frail. (-10% HP) [an orb of fire]
 65740 | Zot:1    | Killed an orb of fire
 66117 | Zot:1    | Reached skill level 24 in Axes
 67937 | Zot:2    | Noticed an orb of fire
 67938 | Zot:2    | Lost mutation: Your muscles are strong. (Str +2) [an orb of fire]
 67941 | Zot:2    | Gained mutation: You are very frail. (-20% HP) [an orb of fire]
 67942 | Zot:2    | Gained mutation: Your spells are a little easier to cast, but a little less powerful. [an orb of fire]
 67946 | Zot:2    | Killed an orb of fire
 68660 | Zot:3    | Killed from afar by an electric golem

Vault maps used:
D:1:      ncdulo_halloftheorcs, minmay_door_square, minmay_crystal_water,
          minmay_misc_feat_more_columns
D:2:      serial_curves, eino_curves_01, eino_curves_04, eino_curves_04
D:4:      serial_park_tiny_pond, kennysheep_generic_room_4, uniq_pikel
D:5:      first_bread, grunt_gozag_statues, uniq_edmund, uniq_eustachio,
          uniq_ijyb
D:6:      serial_aquarium, aquarium_bridge_square, aquarium_window_1,
          aquarium_window_corridor_3, aquarium_view_2a, serial_shops,
          shop_coins, fedhas_altar_3
D:7:      minmay_temple_entry_overgrown, serial_shops, shop
D:8:      elyvilon_altar_4, nicolae_ossuary_entry_catacombs, enter_bailey_3,
          basic_altar, the_bakery
D:10:     erik_lair_orcish_takeover, orc_0_dummy, serial_glass, glass_columns_b,
          glass_columns_c, serial_shops, nicolae_shop_window_shopping,
          uniq_erolcha
D:11:     kennysheep_minor_cross, uniq_sonja
D:12:     uniq_nergalle
D:13:     st_stairs_14, nicolae_good_shop, uniq_frances
D:14:     grunt_vaults_entry_tiered, nrook_mini_vaults, serial_shops,
          nicolae_shop_trees, eino_small_chamber_without_monster
D:15:     grunt_enter_depths_hoard, hangedman_glass_teeth, uniq_roxanne
Lair:1:   lab_entry_generic, portal_ice_cave_entry_imps, minivault_11
Lair:2:   minivault_24, eino_house_with_fridge, grunt_megastairs_1
Lair:3:   minmay_swamp_entry_worms, hibernation_bobbens, lemuel_fruit_fields,
          serial_bayou_shore_b, minmay_lair_oklob_chamber, grunt_megastairs_2,
          lemuel_fruit_fields, serial_bayou_shore_b
Lair:4:   nicolae_spider_entry_tight_spaces, eino_small_chamber_without_monster,
          serial_bayou_shore_b
Lair:5:   slime_altar_1, pf_torpor_hydra
Lair:6:   hangedman_lair_caniforms_friends, guppyfry_lair_end_dragon,
          minmay_lair_drake_nest, uniq_kirke
Swamp:1:  evilmike_swamp_ruin_house_6, swamp_pool1, uniq_aizul
Swamp:2:  serial_swamp_ruin, hangedman_swamp_ruin_wall,
          evilmike_swamp_ruin_house_1
Swamp:3:  evilmike_swamp_ruin_house_4
Swamp:4:  swamp_pestilence
Spider:2: guppyfry_hornet_nest, uniq_donald
Spider:4: grunt_spider_rune_parallel
Orc:2:    st_orc_open, mines1_david
Elf:1:    serial_shops, nicolae_shop_overgrown_old_shop,
          kennysheep_underground_church, st_stairs_6, patterned_corridor
Elf:2:    serial_shops, shop
Elf:3:    minmay_elf_hall_curves
Vaults:1: ontoclasm_vaults_gateway, v_rooms_3, hangedman_vaults_pinch,
          hangedman_vaults_nails, ontoclasm_vaults_misaligned,
          nicolae_vaults_mini_display_case, vaults_room_semicircle,
          nicolae_vaults_windows_and_doors_thing, hangedman_vaults_corner,
          st_lattice, nicolae_vaults_specimen_jars,
          nicolae_vaults_little_squares_6
Vaults:2: nicolae_vaults_inception_corners, hangedman_vaults_impose,
          minmay_crypt_entry_necro_gods, dpeg_vaults_monster_box,
          ontoclasm_vaults_decontamination, vaults_room_grid, v_misc_13,
          v_misc_11, ontoclasm_vaults_idyll, nicolae_vaults_asterisk
Vaults:3: hangedman_vaults_stitches, v_misc_10, vaults_dpeg_diagonal,
          nicolae_vaults_rhombus_5, hangedman_vaults_restitches, v_misc_23,
          vaults_room_stairs_pillars, vaults_room_pool, vaults_dpeg_cross,
          vaults_dpeg_hooks, ontoclasm_vaults_twist
Vaults:4: ontoclasm_vaults_tryst, hangedman_vaults_stretched_pinwheel,
          grunt_vaults_funnel, vaults_mumra_minichess,
          vaults_room_mumra_shop_pool, hangedman_vaults_capsules,
          hangedman_vaults_impose, special_room_vaults,
          nicolae_vaults_little_squares_1, serial_shops, shop, shop,
          portal_desolation_entry_nicolae_nacl
Vaults:5: serial_shops, uniq_mara
Depths:1: trove_entry_hex_spiral, nrook_pool_corridor, hell_entry,
          serial_bayou_lake_a
Depths:2: minmay_the_grid_octo_tiled_squarecenter, serial_shops, shop,
          hell_entry, kennysheep_cross_room, bh_chokoban, minmay_crystal_box
Depths:3: due_jory_tower, grunt_mini_vestibule, rand_demon_pan_entry_5,
          nrook_kobold_shadow_demons
Depths:4: thingy_vault, enter_ziggurat_d, hellmouth_1, serial_glass,
          glass_columns_b, glass_columns_c, abyss_entry_small_statue_room,
          grunt_ministairs_6, uniq_mennas
Depths:5: evilmike_zot_entry_diamond, minmay_misc_feat_room, hell_entry,
          pan_entry, nicolae_abyss_entry_one_way_or_another, uniq_margery
Zot:2:    lemuel_firehouse
Zot:3:    nicolae_zot_crop_circle, basic_stair_grate_trap
Abyss:2:  evilmike_abyss_exit_10
Abyss:3:  hangedman_abyss_or_decor_stabs,
          dshaligram_kb_abyss_rune_zappy_water_cross,
          onia_ninara_dug_in_and_dangerous, minivault_28,
          grunt_abyss_rune_forest_and_sorcery
Lab:      labyrinth_watery, labyrinth_skeletal_remains, lab_statue,
          nicolae_lab_swirl, nicolae_lab_lava, nicolae_lab_dead_end
Trove:    trove_weapon_2
Ossuary:  ossuary_crypta
Bailey:   bailey_polearm_4, bailey

Skill      XL: |  1  2  3  4  5  6  7  8  9 10 11 12 13 14 15 16 17 18 19 20 21 22 23 24 25 26 27 |
---------------+----------------------------------------------------------------------------------+-----
Dodging        | 1 2 3 4 5 6 7 8 9 10 11 12 13 14 15 16 | 16.7
Axes           | 3 4 5 7 8 10 11 12 13 14 15 16 17 18 19 20 21 22 23 24 | 24.4
Invocations    | 3 4 5 6 7 8 9 10 11 12 13 14 15 16 17 18 19 20 | 20.7
Fighting       | 4 5 6 7 8 9 10 11 12 13 14 15 16 17 18 19 | 19.4
Armour         | 3 4 5 6 8 9 10 11 12 13 14 15 16 17 18 19 | 19.4
Shields        | 1 2 3 4 5 6 7 9 10 11 12 13 14 15 16 17 18 19 20 | 20.7

Action                   |  1- 3 |  4- 6 |  7- 9 | 10-12 | 13-15 | 16-18 | 19-21 | 22-24 | 25-27 || total
-------------------------+-------+-------+-------+-------+-------+-------+-------+-------+-------++-------
Melee: Hand axe          |   108 |   232 |   270 |       |       |       |       |       |       ||   610
       Battleaxe         |       |       |   160 |   611 |   268 |   152 |       |       |       ||  1191
       Broad axe         |       |       |       |       |   948 |   771 |       |       |    53 ||  1772
       Scimitar          |       |       |       |       |     5 |     6 |       |       |       ||    11
       Executioner's axe |       |       |       |       |       |   599 |   945 |   888 |  1580 ||  4012
Invok: Depart the Abyss  |     1 |       |       |       |       |     1 |       |       |     1 ||     3
       Bend Space        |       |       |     1 |       |       |     1 |       |       |     3 ||     5
       Banish            |       |       |       |    13 |    13 |     5 |       |     2 |       ||    33
       Corrupt           |       |       |       |       |       |     5 |       |       |     3 ||     8
       Brand Weapon With |       |       |       |       |       |       |       |     1 |       ||     1
       Enter the Abyss   |       |       |       |       |       |       |       |       |     2 ||     2
 Abil: Dig               |       |     1 |     3 |     3 |     9 |     5 |       |     3 |    10 ||    34
       Shaft Self        |       |       |       |       |       |       |     1 |       |       ||     1
Evoke: Wand              |       |       |     3 |     3 |       |       |       |       |       ||     6
  Use: Scroll            |       |     7 |     2 |    17 |     7 |    15 |     7 |     1 |    17 ||    73
       Potion            |       |       |       |     1 |       |       |     1 |     1 |    20 ||    23
 Stab: Paralysed         |       |       |       |     3 |       |       |       |       |     1 ||     4
       Distracted        |       |       |       |       |     1 |       |       |     2 |    29 ||    32
  Eat: Chunk             |     2 |     5 |     8 |    15 |    27 |    20 |     2 |     1 |     7 ||    87
       Royal jelly       |       |     1 |     1 |     3 |       |       |       |       |       ||     5
       Fruit             |       |       |     2 |       |       |       |       |       |       ||     2
       Meat ration       |       |       |       |     3 |     3 |     7 |     5 |     5 |    11 ||    34
Armor: Leather armour    |    31 |    17 |       |       |       |       |       |       |       ||    48
       Ring mail         |       |    22 |       |       |       |       |       |       |       ||    22
       Plate armour      |       |    65 |   279 |   482 |   360 |    42 |       |       |       ||  1228
       Gold dragon scale |       |       |       |       |       |   521 |   396 |   339 |   191 ||  1447
       Crystal plate arm |       |       |       |       |       |       |       |       |   385 ||   385
Dodge: Dodged            |    55 |    93 |   102 |   248 |   328 |   378 |   289 |   368 |   543 ||  2404
Block: Shield            |       |       |    56 |   527 |  1023 |  1369 |  1004 |   975 |   405 ||  5359
       Reflection        |       |       |       |     8 |    40 |    49 |    69 |    54 |    59 ||   279
       Large shield      |       |       |       |       |       |       |       |       |  1679 ||  1679

Table legend:
 A = Spawn XP
 B = Non-spawn XP
 C = Spawn XP percentage of total XP
 D = Spawn monster count
 E = Non-spawn monster count
 F = Spawn count percentage of total count
 G = Total turns spent on level
                    A         B        C        D         E        F      G
               +---------+---------+-------+---------+---------+-------+---------
         Total |  138553 | 1195794 |  10.4 |     314 |    2072 |  13.2 | 68660
               +---------+---------+-------+---------+---------+-------+---------
           D:1 |       8 |      25 |  24.2 |       4 |      12 |  25.0 |  1120
           D:2 |      21 |      39 |  35.0 |       4 |      16 |  20.0 |  1410
           D:3 |       3 |     731 |   0.4 |       2 |      24 |   7.7 |  1029
           D:4 |       0 |     132 |   0.0 |       0 |      10 |   0.0 |   543
           D:5 |       0 |     740 |   0.0 |       0 |      18 |   0.0 |   618
           D:6 |      39 |     674 |   5.5 |       2 |      17 |  10.5 |  1227
           D:7 |       0 |    1537 |   0.0 |       0 |      10 |   0.0 |   772
           D:8 |     504 |    1838 |  21.5 |      14 |      28 |  33.3 |  1379
           D:9 |     209 |    4897 |   4.1 |       2 |      47 |   4.1 |  1646
          D:10 |    1029 |    4187 |  19.7 |       4 |      29 |  12.1 |   690
          D:11 |     907 |    3766 |  19.4 |       6 |      25 |  19.4 |  1123
          D:12 |    1444 |    6181 |  18.9 |       8 |      36 |  18.2 |   926
          D:13 |     641 |    8995 |   6.7 |       2 |      27 |   6.9 |  1049
          D:14 |    1910 |   15113 |  11.2 |       6 |      45 |  11.8 |  1779
          D:15 |    3816 |   15528 |  19.7 |      10 |      50 |  16.7 |  1828
        Lair:1 |     452 |    1748 |  20.5 |       1 |      21 |   4.5 |   784
        Lair:2 |     358 |    5853 |   5.8 |       2 |      34 |   5.6 |   808
        Lair:3 |      88 |    2124 |   4.0 |       1 |      11 |   8.3 |  1211
        Lair:4 |     795 |    4186 |  16.0 |       7 |      18 |  28.0 |   967
        Lair:5 |     871 |    6116 |  12.5 |       3 |      18 |  14.3 |  1015
        Lair:6 |    2476 |   22729 |   9.8 |       9 |      84 |   9.7 |  1759
       Swamp:1 |    1087 |    8963 |  10.8 |       4 |      26 |  13.3 |  1032
       Swamp:2 |    5986 |   16067 |  27.1 |       9 |      46 |  16.4 |  1897
       Swamp:3 |    1585 |    3226 |  32.9 |       4 |      18 |  18.2 |   719
       Swamp:4 |    1555 |    5580 |  21.8 |       6 |      22 |  21.4 |   941
      Spider:1 |       0 |   16959 |   0.0 |       0 |      48 |   0.0 |   583
      Spider:2 |    1497 |   12590 |  10.6 |       7 |      32 |  17.9 |  1187
      Spider:3 |    1136 |   15456 |   6.8 |       3 |      34 |   8.1 |   490
      Spider:4 |    1064 |   33350 |   3.1 |       3 |      67 |   4.3 |   939
       Slime:1 |       0 |    9231 |   0.0 |       0 |      24 |   0.0 |   108
       Slime:2 |       0 |    2121 |   0.0 |       0 |       8 |   0.0 |    96
       Slime:3 |       0 |   10691 |   0.0 |       0 |      15 |   0.0 |   418
       Slime:4 |    2471 |    3321 |  42.7 |       8 |       9 |  47.1 |  1445
       Slime:5 |       0 |   33953 |   0.0 |       0 |      24 |   0.0 |   347
         Orc:1 |     167 |    2199 |   7.1 |       4 |      26 |  13.3 |   595
         Orc:2 |     330 |    1941 |  14.5 |       9 |      21 |  30.0 |   884
         Elf:1 |    4759 |   16192 |  22.7 |       7 |      26 |  21.2 |  2257
         Elf:2 |    2081 |   24683 |   7.8 |       3 |      36 |   7.7 |  2103
         Elf:3 |    4474 |   17489 |  20.4 |       9 |      24 |  27.3 |  1546
      Vaults:1 |    7033 |   63799 |   9.9 |      13 |     112 |  10.4 |  2709
      Vaults:2 |   16318 |   54790 |  22.9 |      37 |      86 |  30.1 |  2765
      Vaults:3 |    9755 |   34507 |  22.0 |      18 |      68 |  20.9 |  1606
      Vaults:4 |   13192 |   42356 |  23.7 |      11 |      86 |  11.3 |  1627
      Vaults:5 |       0 |  114131 |   0.0 |       0 |      83 |   0.0 |  2129
      Depths:1 |    7354 |   19827 |  27.1 |       6 |      33 |  15.4 |  1006
      Depths:2 |    3163 |   61852 |   4.9 |       8 |      74 |   9.8 |  1638
      Depths:3 |    6875 |   84351 |   7.5 |       9 |     100 |   8.3 |  1579
      Depths:4 |    9430 |   60478 |  13.5 |      15 |      57 |  20.8 |  1879
      Depths:5 |    5865 |   62761 |   8.5 |       5 |      41 |  10.9 |  1456
         Zot:1 |       0 |   74128 |   0.0 |       0 |      43 |   0.0 |  2789
         Zot:2 |       0 |   72995 |   0.0 |       0 |      59 |   0.0 |  1682
         Zot:3 |       0 |   27569 |   0.0 |       0 |      18 |   0.0 |   386
       Abyss:1 |   14688 |   10450 |  58.4 |      27 |       8 |  77.1 |   784
       Abyss:2 |    1117 |       0 | 100.0 |       2 |       0 | 100.0 |   102
       Abyss:3 |       0 |     811 |   0.0 |       0 |       3 |   0.0 |    14
         Zig:1 |       0 |    2765 |   0.0 |       0 |       4 |   0.0 |   112
         Zig:2 |       0 |    2333 |   0.0 |       0 |       4 |   0.0 |    44
         Zig:3 |       0 |    4371 |   0.0 |       0 |       3 |   0.0 |    35
         Zig:4 |       0 |    7217 |   0.0 |       0 |       5 |   0.0 |   435
         Zig:5 |       0 |    7476 |   0.0 |       0 |      13 |   0.0 |   245
         Zig:6 |       0 |    3005 |   0.0 |       0 |       2 |   0.0 |   323
         Zig:7 |       0 |    9970 |   0.0 |       0 |      13 |   0.0 |   111
           Lab |       0 |    1656 |   0.0 |       0 |       4 |   0.0 |   335
       Ossuary |       0 |     200 |   0.0 |       0 |      13 |   0.0 |   274
    Desolation |       0 |   30845 |   0.0 |       0 |      54 |   0.0 |  1297
               +---------+---------+-------+---------+---------+-------+---------
